 Dungeon Crawl Stone Soup version 0.21.1-1-g345015f (webtiles) character file.

2009 nicolaieve the Cleaver (level 9, -3/75 HPs)
             Began as a Minotaur Berserker on July 6, 2018.
             Was an Elder of Trog.
             Slain by an orc knight
             ... wielding a +0 battleaxe
              (13 damage)
             ... in a bailey.
             The game lasted 00:19:06 (4759 turns).

nicolaieve the Cleaver (Minotaur Berserker)         Turns: 4759, Time: 00:19:06

Health: -3/75      AC: 16    Str: 24    XL:     9   Next: 2%
Magic:  8/8        EV:  8    Int:  6    God:    Trog [****..]
Gold:   448        SH:  0    Dex: 15    Spells: 8/8 levels left

rFire    + . .     SeeInvis +   F - +7 mace "Grim" {venom, Int+2}
rCold    + . .     Gourm    .   (no shield)
rNeg     . . .     Faith    .   d - +0 plate armour
rPois    .         Spirit   .   (helmet restricted)
rElec    .         Reflect  .   b - scarf {rC+ rF+}
rCorr    .         Harm     .   h - +0 pair of gloves
MR       ++...                  x - +1 pair of boots
Stlth    ..........             (no amulet)
HPRegen  1.22/turn              o - +4 ring of dexterity
MPRegen  0.11/turn              n - ring of see invisible

@: marked, regenerating
A: retaliatory headbutt, horns 2
a: Berserk, Trog's Hand, Brothers in Arms, Burn Spellbooks, Renounce Religion


You were in a bailey.
You worshipped Trog.
Trog was greatly pleased with you.
You were very hungry.

You visited 1 branch of the dungeon, and saw 7 of its levels.
You also visited: Bailey.

You collected 448 gold pieces.

Inventory:

Hand Weapons
 a - a +0 hand axe
 u - a +0 war axe
 C - a +2 whip of flaming
 F - the +7 mace "Grim" (weapon) {venom, Int+2}
   (You found it on level 4 of the Dungeon)

   It poisons the flesh of those it strikes.
   It affects your intelligence (+2).
Armour
 b - a scarf of resistance (worn)
 d - a +0 plate armour (worn)
 h - a +0 pair of gloves (worn)
 x - a +1 pair of boots (worn)
 G - a +0 cloak
Jewellery
 n - a ring of see invisible (right hand)
 o - a +4 ring of dexterity (left hand)
 J - an uncursed ring of resist corrosion {unknown}
Wands
 m - a wand of enslavement (7)
 t - a wand of iceblast (2)
Scrolls
 g - 2 scrolls of blinking {unknown}
 i - 8 scrolls of remove curse
 l - 2 scrolls of teleportation {unknown}
 q - a scroll of magic mapping {unknown}
 r - 2 scrolls of identify
 v - a scroll of immolation {unknown}
 w - a scroll of enchant weapon {unknown}
 y - 2 scrolls of noise {unknown}
 A - a scroll of amnesia {unknown}
 H - 2 scrolls of vulnerability {unknown}
Potions
 e - a potion of flight
 j - 2 potions of agility {unknown}
 k - 2 potions of mutation {unknown}
 p - 2 potions of brilliance
 s - 2 potions of curing {unknown}
 z - 5 potions of lignification
 B - a potion of berserk rage {unknown}
 D - 3 potions of heal wounds
 E - a potion of degeneration {unknown}
 I - a potion of haste {unknown}
Comestibles
 c - 10 rations
 f - 2 chunks of flesh


   Skills:
 + Level 6.2 Fighting
 * Level 11.8 Axes
 + Level 6.7 Armour
 - Level 2.1 Dodging


You had 8 spell levels left.
You didn't know any spells.

Dungeon Overview and Level Annotations

Branches:
Dungeon (7/15)             Temple (0/1) D:4

Altars:
Ashenzari
Gozag
Makhleb

Shops:
D:6 :


Innate Abilities, Weirdness & Mutations

You reflexively headbutt those who attack you in melee.
You have a pair of horns on your head.


Message History

An orc comes into view. It is wielding a hand axe.
You sock the orc knight!
The orc knight looks as sick as possible!
You headbutt the orc knight.
The orc knight is moderately wounded.
The orc knight hits you with a battleaxe!!
* * * LOW HITPOINT WARNING * * *
Unknown command.
Okay, then.
Okay, then.
Okay, then.
Your skin crawls.
You feel resistant to hostile enchantments.
You feel somewhat more hungry.
A goblin comes into view. It is wielding a hand axe.
Unknown command.
Your ogre goes berserk!
You are feeling very hungry.
The orc knight hits you with a battleaxe!
You die...

▓▓▓▓▓
▓.∩.▓
▓^^.▓
▓O∩@▓
##o##
K≈g≈
##≈g≈#


K≈o≈K ##≈o≈## .≈o≈K #≈g≈# You could see an orc knight, 2 orc warriors, a gnoll,
an orc, 2 goblins, 2 kobolds and a friendly ogre (berserk).

Vanquished Creatures
  The ghost of poirepourri the Chopper, an amateur FoFi (D:4)
  Sigmund (D:4)
  An ice beast (D:7)
  A sky beast (D:5)
  2 phantoms (D:6)
  An orc warrior (Bailey)
  An ogre (D:4)
  A bullfrog (D:4)
  2 scorpions
  A crimson imp (D:7)
  3 hounds
  A jelly (D:7)
  Crazy Yiuf (D:4)
  2 centaur skeletons
  3 iguanas
  Natasha (thrice) (D:3)
  5 orc wizards
  5 worker ants
  A hound skeleton (D:6)
  A howler monkey skeleton (D:4)
  8 adders
  3 shadow imps
  10 oozes
  An adder skeleton (D:4)
  4 worms
  3 dart slugs
  3 leopard geckos
  11 orcs
  9 giant cockroaches
  4 goblins
  7 hobgoblins
  15 jackals
  6 quokkas
  2 ball pythons
  5 bats (D:1)
  4 frilled lizards
  A jackal zombie (D:6)
  9 kobolds
  A leopard gecko skeleton (D:4)
  A quokka skeleton (D:4)
  11 rats
155 creatures vanquished.

Notes
Turn   | Place    | Note
-------+----------+-------------------------------------------
     0 | D:1      | nicolaieve the Minotaur Berserker began the quest for the Orb.
     0 | D:1      | Reached XP level 1. HP: 19/19 MP: 0/0
     1 | D:1      | Found a runed door.
   236 | D:1      | Reached skill level 4 in Axes
   261 | D:1      | Reached XP level 2. HP: 27/27 MP: 1/1
   777 | D:1      | Reached XP level 3. HP: 33/33 MP: 2/2
   777 | D:1      | Reached ** piety under Trog
   781 | D:1      | Reached skill level 5 in Axes
   786 | D:1      | Reached XP level 4. HP: 40/40 MP: 3/3
  1100 | D:2      | Reached *** piety under Trog
  1231 | D:2      | Reached skill level 6 in Axes
  1569 | D:3      | Found an opulent altar of Gozag.
  1590 | D:3      | Reached XP level 5. HP: 34/47 MP: 4/4
  1834 | D:3      | Noticed Natasha
  1839 | D:3      | Killed Natasha
  1923 | D:3      | Noticed Natasha
  1928 | D:3      | Killed Natasha
  1928 | D:3      | Reached skill level 7 in Axes
  1950 | D:3      | Noticed Natasha
  1958 | D:3      | Killed Natasha
  2175 | D:4      | Reached XP level 6. HP: 50/53 MP: 5/5
  2208 | D:4      | Reached skill level 8 in Axes
  2379 | D:4      | Noticed poirepourri's ghost (amateur FoFi)
  2389 | D:4      | Killed poirepourri's ghost
  2389 | D:4      | Reached skill level 9 in Axes
  2389 | D:4      | Reached XP level 7. HP: 60/60 MP: 6/6
  2425 | D:4      | Reached **** piety under Trog
  2589 | D:4      | Reached skill level 5 in Fighting
  2675 | D:4      | Found a staircase to the Ecumenical Temple.
  2940 | D:4      | Noticed Sigmund
  2950 | D:4      | Killed Sigmund
  2950 | D:4      | Reached skill level 10 in Axes
  2950 | D:4      | Reached skill level 5 in Armour
  2950 | D:4      | Reached XP level 8. HP: 62/68 MP: 7/7
  3070 | D:4      | Found a runed door.
  3074 | D:4      | Noticed Crazy Yiuf
  3078 | D:4      | Killed Crazy Yiuf
  3082 | D:4      | Got a scorched mace
  3114 | D:5      | Entered Level 5 of the Dungeon
  3329 | D:5      | Found a shattered altar of Ashenzari.
  3621 | D:5      | Identified the +7 mace "Grim" {venom, Int+2} (You found it on level 4 of the Dungeon)
  3700 | D:6      | Found a burning altar of Makhleb.
  3874 | D:6      | Reached skill level 11 in Axes
  4029 | D:6      | Found Jeehyuwn's Book Boutique.
  4715 | D:7      | Found a flagged portal.
  4725 | Bailey   | Entered a bailey
  4747 | Bailey   | Noticed an orc knight
  4752 | Bailey   | Reached XP level 9. HP: 58/75 MP: 8/8
  4759 | Bailey   | Slain by an orc knight

Skill      XL: |  1  2  3  4  5  6  7  8 |
---------------+-------------------------+-----
Axes           | 4 5 6 7 9 10 11 | 11.8
Fighting       | 4 5 6 |  6.2
Armour         | 3 4 5 6 |  6.7
Dodging        | |  2.1

Action                   |  1- 3 |  4- 6 |  7- 9 || total
-------------------------+-------+-------+-------++-------
Melee: Hand axe          |    62 |   162 |   103 ||   327
       Headbutt          |    10 |    30 |    42 ||    82
       Mace              |       |       |    71 ||    71
Invok: Berserk           |     1 |     2 |       ||     3
       Burn Spellbooks   |       |     1 |     1 ||     2
       Trog's Hand       |       |       |     1 ||     1
       Brothers in Arms  |       |       |     1 ||     1
  Use: Scroll            |       |       |     5 ||     5
  Eat: Chunk             |       |     7 |     8 ||    15
Armor: Plate armour      |    62 |    79 |    92 ||   233
Dodge: Dodged            |    24 |    40 |    58 ||   122
